 Dungeon Crawl Stone Soup version 0.21.1-1-g345015fe64 (webtiles) character file.

269 DildoBatman the Skirmisher (level 6, 0/51 HPs)
             Began as a Formicid Enchanter on Feb 6, 2018.
             Killed by nerve-wracking pain
             ... invoked by Menkaure
              (10 damage)
             ... on level 3 of the Dungeon.
             The game lasted 00:09:26 (3417 turns).

DildoBatman the Skirmisher (Formicid Enchanter)     Turns: 3417, Time: 00:09:26

Health: 0/51       AC:  6    Str: 15    XL:     6   Next: 46%
Magic:  9/9        EV: 11    Int: 14    God:
Gold:   265        SH:  0    Dex: 11    Spells: 5/9 levels left

rFire    . . .     SeeInvis +   a - +3 hunting sling
rCold    . . .     Gourm    .   (no shield)
rNeg     . . .     Faith    .   x - +0 acid dragon scales
rPois    .         Spirit   .   (helmet unavailable)
rElec    .         Reflect  .   (no cloak)
rCorr    +         Harm     .   (no gloves)
MR       .....                  (no boots)
Stlth    ++........             (no amulet)
HPRegen  0.17/turn              (no ring)
MPRegen  0.11/turn              (no ring)

@: no status effects
A: permanent stasis, dig shafts and tunnels, four strong arms, antennae 3
a: Dig, Shaft Self


You were on level 3 of the Dungeon.
You were hungry.

You visited 1 branch of the dungeon, and saw 4 of its levels.

You collected 265 gold pieces.

Inventory:

Hand Weapons
 a - a +3 hunting sling (weapon)
 b - a +0 flail
Missiles
 n - 82 stones (quivered)
Armour
 x - +0 acid dragon scales (worn)
Scrolls
 f - 2 scrolls of enchant armour {unknown}
 g - 2 scrolls of teleportation {unknown}
 h - 2 scrolls of fog {unknown}
 m - 4 scrolls of enchant weapon {unknown}
 q - a scroll of blinking {unknown}
 t - 2 scrolls of remove curse {unknown}
 u - a scroll of fear {unknown}
 w - 3 scrolls of identify {unknown}
Potions
 e - 2 potions of agility {unknown}
 i - 2 potions of resistance {unknown}
 j - 3 potions of haste {unknown}
 k - 4 potions of curing {unknown}
 l - a potion of degeneration {unknown}
 p - a potion of heal wounds {unknown}
 r - a potion of lignification {unknown}
Books
 c - a book of Maledictions

   Spells                             Type                      Level
   a - Corona                         Hexes                        1
   b - Ensorcelled Hibernation        Hexes/Ice                    2
   c - Confuse                        Hexes                        3
   d - Tukima's Dance                 Hexes                        3
   e - Dazzling Spray                 Conjuration/Hexes            3
Comestibles
 v - 10 rations


   Skills:
 * Level 5.2 Fighting
   Level 1.0 Short Blades
 - Level 3.0 Armour
 - Level 2.0 Dodging
 * Level 4.0 Stealth
 - Level 2.1 Spellcasting
 - Level 3.6 Hexes


You had 5 spell levels left.
You knew the following spells:

 Your Spells              Type           Power        Failure   Level  Hunger
a - Corona                Hex            ##.....      7%          1    #......
b - Confuse               Hex            ##......     22%         3    ###....


Dungeon Overview and Level Annotations

Branches:
Dungeon (4/15)
 Temple: D:4-7

Altars:
Okawaru

Annotations:
D:3 Menkaure
D:4 Dowan, Duvessa


Innate Abilities, Weirdness & Mutations

You cannot be hasted, slowed, berserked, paralysed or teleported.
You can dig through walls and to a lower floor.
Your four strong arms can wield two-handed weapons with a shield.
You have a pair of large antennae on your head. (SInv)


Message History

You climb upwards.
You are feeling hungry.
There is a stone staircase leading down here.
You start resting.
HP restored.
You climb downwards.
Level annotation: Dowan, Duvessa, Menkaure Menkaure's ankle releases a plume of dust as he confides, "I'm not really a mummy, you know."
Menkaure hits you!!
There is a stone staircase leading up, spattered with blood here.
Menkaure completely misses you.
You climb upwards.
There is a stone staircase leading down here.
Menkaure calls on the powers of darkness!
Your body is wracked with pain!
Menkaure calls on the powers of darkness!
Your body is wracked with pain!
Menkaure points at you and mumbles some strange words.
Pain shoots through your body!
You die...

#####.....###.##.####.# #.##
..............##.[.##.# #.#
###....#.#######.#.##.# #.#
###....#.# #.....##.# #.#
..[......### #.....##.# #.#
...........# #.....##.# #.#
...........###.....###########
#.#..................##.#.#.#
..#............#@###.#≈≈≈≈≈≈#####
..#..............# #.'....[[_#..#
..####...........# ###≈≈≈≈≈≈###.#
..###........M..######.#.#.## #.#
.....................####### #.#
..###.......>...###### #.# ..#
##.....###.## #.# ..#####....#
#.# #.# ...).......# #.# #.#


You could see Menkaure.

Vanquished Creatures
  A scorpion (D:4)
  A howler monkey (D:3)
  A crimson imp (D:3)
  A worker ant zombie (D:3)
  Robin (D:3)
  4 adders
  3 adder skeletons
  An adder zombie (D:3)
  A worm (D:3)
  A dart slug (D:1)
  A leopard gecko (D:2)
  2 orcs (D:3)
  3 giant cockroaches (D:3)
  13 goblins
  8 hobgoblins
  6 jackals
  6 kobolds
  A quokka (D:2)
  A ball python (D:3)
  6 bats
  2 frilled lizards
  A giant cockroach zombie (D:3)
  A jackal zombie (D:3)
  2 quokka skeletons
  6 rats
  A withered plant (D:3)
75 creatures vanquished.

Notes
Turn   | Place    | Note
-------+----------+-------------------------------------------
     0 | D:1      | DildoBatman the Formicid Enchanter began the quest for the Orb.
     0 | D:1      | Reached XP level 1. HP: 13/13 MP: 3/3
   464 | D:1      | Reached skill level 1 in Fighting
   501 | D:1      | Reached XP level 2. HP: 22/22 MP: 5/5
   601 | D:1      | Reached skill level 2 in Fighting
  1126 | D:2      | Reached XP level 3. HP: 18/28 MP: 6/6
  1131 | D:2      | Learned a level 3 spell: Confuse
  1195 | D:2      | Reached skill level 3 in Fighting
  1806 | D:3      | Noticed Robin
  1807 | D:3      | Reached XP level 4. HP: 35/35 MP: 7/7
  1815 | D:3      | Killed Robin
  1815 | D:3      | Reached skill level 1 in Armour
  2133 | D:3      | Reached XP level 5. HP: 41/41 MP: 5/8
  2570 | D:3      | Found an iron altar of Okawaru.
  2890 | D:4      | Reached skill level 4 in Fighting
  2890 | D:4      | Reached XP level 6. HP: 40/48 MP: 4/9
  2975 | D:4      | Noticed Duvessa
  3054 | D:3      | Reached skill level 5 in Fighting
  3136 | D:4      | Noticed Dowan
  3248 | D:4      | Noticed Menkaure
  3417 | D:3      | Killed from afar by Menkaure

Skill      XL: |  1  2  3  4  5  6 |
---------------+-------------------+-----
Fighting       | 1 2 3 4 5 |  5.2
Dodging        | 2 |  2.0
Armour         | 2 3 |  3.0
Stealth        | 4 |  4.0
Short Blades   | |  1.0
Spellcasting   | |  2.1
Hexes          | |  3.6

Action                   |  1- 3 |  4- 6 || total
-------------------------+-------+-------++-------
Melee: Dagger            |    36 |    88 ||   124
       Spear             |     2 |       ||     2
 Fire: Hunting sling     |    49 |   158 ||   207
 Cast: Corona            |    13 |    23 ||    36
       Confuse           |       |     1 ||     1
 Abil: Dig               |     1 |       ||     1
 Stab: Sleeping          |     1 |       ||     1
  Eat: Chunk             |     3 |     5 ||     8
Armor: Robe              |     2 |       ||     2
       Scale mail        |    20 |    40 ||    60
       Acid dragon scale |       |    16 ||    16
Dodge: Dodged            |    32 |    65 ||    97
